 Dungeon Crawl Stone Soup version 0.28-a0-535-g6f645e4c1d (webtiles) character file.

Game seed: 7215562574737156580

95 heikuro the Skirmisher (level 4, 0/37 HPs)
             Began as a Formicid Fighter on Sept 26, 2021.
             Slain by a hobgoblin (1 damage)
             ... on level 3 of the Dungeon.
             The game lasted 00:04:09 (2370 turns).

heikuro the Skirmisher (Formicid Fighter)           Turns: 2370, Time: 00:04:10

Health: 0/37       AC:  8    Str: 22    XL:     4   Next: 97%
Magic:  4/4        EV:  9    Int:  7    God:
Gold:   98         SH:  4    Dex: 10    Spells: 3/3 levels left

rFire   . . .      SeeInvis +   b - +2 whip (venom)
rCold   . . .      Faith    .   c - +0 buckler
rNeg    . . .      Spirit   .   g - +0 scale mail
rPois   .          Reflect  .   (helmet unavailable)
rElec   .          Harm     .   (no cloak)
rCorr   .          Rampage  .   j - +0 pair of gloves
Will    .....                   (no boots)
Stlth   ..........              (no amulet)
HPRegen 0.12/turn               (no ring)
MPRegen 0.09/turn               (no ring)

@: no status effects
A: permanent stasis, dig shafts and tunnels, antennae 3, four strong arms
a: Dig, Shaft Self


You were on level 3 of the Dungeon.
You visited 1 branch of the dungeon, and saw 3 of its levels.

You collected 98 gold pieces.

Inventory:

Hand Weapons
 a - a +0 war axe
 b - a +2 whip of venom (weapon)
Armour
 c - a +0 buckler (worn)
 g - a +0 scale mail (worn)
 j - a +0 pair of gloves (worn)
Wands
 k - a wand of polymorph (3)
Scrolls
 e - 2 scrolls of amnesia {unknown}
 h - a scroll of acquirement {unknown}
 i - 2 scrolls of identify
Potions
 d - a potion of might
 f - a potion of curing


   Skills:
 + Level 4.0 Fighting
 * Level 3.6 Axes
 + Level 4.0 Armour
 - Level 3.6 Shields


You had 3 spell levels left.
You didn't know any spells.
Your spell library contained the following spells:

 Spells                   Type           Power      Damage    Failure   Level
 Olgreb's Toxic Radiance  Pois           0%         N/A       100%        4
 Ozocubu's Refrigeration  Ice            0%         4d5       100%        7
 Ignition                 Fire           0%         3d3       100%        8


Dungeon Overview and Level Annotations

Branches:
Dungeon (3/15)

Altars:
Beogh

Shops:
D:2 ((:!


Innate Abilities, Weirdness & Mutations

You cannot be hasted, slowed, berserked, paralysed or teleported.
You can dig through walls and to a lower floor.
You have a pair of large antennae on your head. (SInv)
Your four strong arms can wield two-handed weapons with a shield.


Message History

The orc priest invokes the aid of Beogh against you.
Beogh smites you! The orc hits you but does no damage.
You hit the orc.
The orc is poisoned.
The orc is lightly wounded.
You block the orc's attack.
You hit the orc but do no damage.
The orc is lightly wounded.
The orc closely misses you.
You hit the orc.
The orc looks even sicker.
The orc is almost dead.
You kill the orc!
Press: ? - help, v - describe, . - travel
Here: an orc priest, wielding a +1 hand axe of freezing The floor.
Unknown command.
You barely miss the orc priest.
The orc priest hits you with a +1 hand axe of freezing.
The orc priest freezes you.
You whack the orc priest!
The orc priest is heavily wounded.
You hit the orc.
The orc is poisoned.
The orc is heavily wounded.
The orc priest hits you with a +1 hand axe of freezing.
The orc priest freezes you. The orc hits you but does no damage.
You hit the orc priest.
The orc priest is severely wounded.
You kill the orc!
The orc priest hits you but does no damage.
Unknown command.
You closely miss the orc priest.
The orc priest is severely wounded.
The hobgoblin hits you but does no damage.
The orc priest mumbles some strange prayers to Beogh against you.
Beogh smites you!
* * * LOW HITPOINT WARNING * * *
Unknown command.
You hit the hobgoblin.
The hobgoblin is poisoned.
The hobgoblin is almost dead.
The hobgoblin hits you.
You die...

#. .........##... #.
...# #...... #.#...
####.## #....
#...... ... #......
###o# #......
##.#)#### #......
#..gB...# #......
##@#{##.## #.....<
###.#.#...####......
#........>.##.......
#.##................
#.##.......##.......
#.#........##.......
..##.#..##.##.......
## #.......##....)..
##.....###.......


You could see an orc, a giant cockroach and a hobgoblin (very poisoned).

Vanquished Creatures
  An adder (D:2)
  5 dart slugs
  3 orcs (D:3)
  5 endoplasms
  3 giant cockroaches
  9 goblins
  9 hobgoblins
  3 jackals (D:3)
  4 quokkas
  5 ball pythons
  3 bats
  2 frilled lizards (D:1)
  10 kobolds
  6 rats
68 creatures vanquished.

Notes
Turn   | Place    | Note
-------+----------+-------------------------------------------
     0 | D:1      | heikuro the Formicid Fighter began the quest for the Orb.
     0 | D:1      | Reached XP level 1. HP: 18/18 MP: 1/1
   107 | D:1      | Reached XP level 2. HP: 24/24 MP: 2/2
   197 | D:1      | Found a faded altar of an unknown god.
   647 | D:1      | Reached XP level 3. HP: 24/29 MP: 3/3
  1250 | D:2      | Reached XP level 4. HP: 37/37 MP: 4/4
  1344 | D:2      | Found Zotaser's Book Boutique.
  1411 | D:2      | Found Ysausui's Distillery.
  1591 | D:2      | Found Pexamil's Antique Weapon Boutique.
  1916 | D:2      | Found Ihimoap's Antique Weapon Boutique.
  2368 | D:3      | HP: 1/37 [orc priest/divine providence (14)]
  2370 | D:3      | Slain by a hobgoblin

Illustrated notes

Levels and vault maps discovered:
D:1:      nicolae_arrival_washed_ashore, layout_basic,
          hellmonk_ecumenical_altar_defaced_shrine
D:2:      minmay_skewed_foursquare, layout_rooms, serial_shops,
          nicolae_square_shop, nicolae_shop_statue_plus, shop_fountains, shop,
          minmay_misc_feat_diagonals, hangedman_decor_clover_reticule
D:3:      layout_loops_cross

Skill      XL: |  1  2  3  4 |
---------------+-------------+-----
Axes           | 3 |  3.6
Fighting       | 4 |  4.0
Armour         | 4 |  4.0
Shields        | |  3.6

Action                   |  1- 3 |  4- 6 || total
-------------------------+-------+-------++-------
Melee: War axe           |   101 |    72 ||   173
       Whip              |       |    20 ||    20
  Use: Scroll            |       |     2 ||     2
       Potion            |       |     2 ||     2
Armor: Scale mail        |    42 |    42 ||    84
Dodge: Dodged            |    49 |    32 ||    81
Block: Buckler           |    15 |    26 ||    41

Table legend: (Time is in decaauts)
 A = Elapsed time spent in this place.
 B = Non-inter-level travel time spent in this place.
 C = Inter-level travel time spent in this place.
 D = Time resting spent in this place.
 E = Time spent auto-exploring this place.
 F = Levels seen in this place.
 G = Mean time per level.
                   A        B        C        D        E       F      G
               +--------+--------+--------+--------+--------+-----+--------+
         Total |   2433 |   2330 |    103 |    304 |   1399 |   3 |  811.0 |
       Dungeon |   2433 |   2330 |    103 |    304 |   1399 |   3 |  811.0 |
               +--------+--------+--------+--------+--------+-----+--------+

Top non-repeatable levels by time:
     D:1: 1266 daAuts
     D:2: 787 daAuts
     D:3: 379 daAuts
